 Dungeon Crawl Stone Soup version 0.29-a0-559-g359e09b9d1 (webtiles) character file.

Game seed: 3849223716095063699

1364 Bruhh the Insei (level 8, 0/153 HPs)
             Began as a Demigod Transmuter on June 10, 2022.
             Slain by a scorpion (3 damage)
             ... on level 7 of the Dungeon.
             The game lasted 00:07:52 (9236 turns).

Bruhh the Insei (Demigod Transmuter)                Turns: 9236, Time: 00:07:52

Health: 0/153      AC: 24    Str: 11    XL:     8   Next: 15%
Magic:  19/19      EV:  2    Int: 23    God:
Gold:   450        SH:  5    Dex: 14    Spells: 11/17 levels left

rFire   . . .      SeeInvis .     - Unarmed
rCold   . . .      Faith    .   (no shield)
rNeg    . . .      Spirit   .   (body armour currently unavailable)
rPois   +          Reflect  +   (helmet currently unavailable)
rElec   .          Harm     .   (cloak currently unavailable)
rCorr   .          Rampage  .   (gloves currently unavailable)
Will    .....      NoTele   +   (boots currently unavailable)
Stlth   ..........              o - amulet of reflection
HPRegen 0.35/turn               (no ring)
MPRegen 0.16/turn               (no ring)

@: berserking, tree-form, very quick
A: stationary, stasis, torment immunity, boosted hp, high MP 1, forlorn, divine
attributes
a: no special abilities


You were on level 7 of the Dungeon.
You were a tree.
You visited 1 branch of the dungeon, and saw 7 of its levels.

You collected 450 gold pieces.

Inventory:

Armour
 a - a +0 robe (melded)
 q - a +2 helmet of intelligence (melded)
 A - a +0 cloak (melded)
Jewellery
 o - an amulet of reflection (around neck)
 v - a ring of positive energy
 H - an amulet of the acrobat
Wands
 p - a wand of flame (12)
 y - a wand of digging (10)
 G - a wand of iceblast (10)
 I - a wand of charming (9)
Scrolls
 d - a scroll of blinking {unknown}
 e - 2 scrolls of vulnerability
 g - a scroll of silence {unknown}
 h - a scroll of fog {unknown}
 l - 2 scrolls of enchant weapon {unknown}
 m - 4 scrolls of amnesia
 n - 4 scrolls of identify
 s - a scroll of immolation {unknown}
 t - 3 scrolls of teleportation {unknown}
 w - a scroll of acquirement {unknown}
 x - 2 scrolls of poison {unknown}
 B - 2 scrolls of magic mapping {unknown}
 C - a scroll of noise {unknown}
 J - a scroll of enchant armour {unknown}
Potions
 b - 2 potions of lignification
 c - 3 potions of brilliance
 f - a potion of mutation {unknown}
 i - a potion of haste {unknown}
 j - 2 potions of magic
 k - 2 potions of degeneration
 r - a potion of ambrosia
 u - a potion of heal wounds {unknown}
 z - 2 potions of cancellation
 D - a potion of invisibility {unknown}
 F - a potion of flight
 K - a potion of curing {unknown}


   Skills:
 + Level 5.2 Fighting
 - Level 1.7 Dodging
 + Level 5.9 Unarmed Combat
 - Level 5.0 Spellcasting
 - Level 3.0 Transmutations


You had 11 spell levels left.
You knew the following spells:

 Your Spells              Type           Power      Damage    Failure   Level
a - Beastly Appendage     Tmut           38%        N/A       2%          1
b - Wereblood             Tmut           19%        N/A       4%          2
c - Spider Form           Tmut/Pois      12%        N/A       16%         3

Your spell library contained the following spells:

 Spells                   Type           Power      Damage    Failure   Level
 Blink                    Tloc           10%        N/A       14%         2
 Ensorcelled Hibernation  Hex/Ice        10%        N/A       14%         2
 Inner Flame              Hex/Fire       5%         N/A       28%         3
 Summon Guardian Golem    Hex/Summ       5%         N/A       28%         3
 Ice Form                 Ice/Tmut       12%        N/A       45%         4
 Anguish                  Hex/Necr       2%         N/A       67%         4
 Animate Dead             Necr           5%         N/A       67%         4
 Cause Fear               Hex            2%         N/A       67%         4
 Borgnjor's Vile Clutch   Necr/Erth      2%         N/A       95%         5
 Manifold Assault         Tloc           5%         N/A       95%         5
 Death Channel            Necr           2%         N/A       100%        6
 Orb of Destruction       Conj           2%         9d5       100%        7
 Spellforged Servitor     Conj/Summ      2%         N/A       100%        7
 Storm Form               Tmut/Air       6%         N/A       100%        7
 Discord                  Hex            2%         N/A       100%        8


Dungeon Overview and Level Annotations

Branches:
Dungeon (7/15)
 Temple: D:4-7

Shops:
D:4 :   D:5 (


Innate Abilities, Weirdness & Mutations

You are a tree.
Your roots penetrate the ground, keeping you stationary.
You cannot be teleported.
You are immune to unholy pain and torment.
Your maximum health is greatly increased.
Your equipment is partially melded.
You have an increased reservoir of magic. (+10% MP)
You shall have no god before yourself.
Your divine heritage dramatically boosts your attributes as you level up.


Message History

You completely miss the bullfrog. The bullfrog hits you.
* * * LOW HITPOINT WARNING * * *
The bullfrog closely misses you.
Okay, then.
Okay, then.
It was a potion of flight.
You feel very buoyant.
You fly up into the air.
The bullfrog hits you!
* * * LOW HITPOINT WARNING * * *
It was a potion of magic.
Magic courses through your body. The bullfrog hits you.
* * * LOW HITPOINT WARNING * * *
The bullfrog hits you!
* * * LOW HITPOINT WARNING * * *
Unknown command.
Really quaff the potion of lignification?
Your transformation has ended.
Your +0 cloak unmelds from your body.
Your +2 helmet of intelligence unmelds from your body.
Your +0 robe unmelds from your body.
You feel clever.
You turn into a tree.
Your +0 cloak melds into your body.
Your +2 helmet of intelligence melds into your body.
Your +0 robe melds into your body.
You feel stupid.
Your roots penetrate the ground.
You block the bullfrog's attack.
It was a potion of berserk rage.
A red film seems to cover your vision as you go berserk!
You feel yourself moving faster!
You feel mighty! The bullfrog hits you.
* * * LOW HITPOINT WARNING * * *
You block the bullfrog's attack.
You hit the bullfrog.
The bullfrog is lightly wounded.
The bullfrog hits you but does no damage.
You hit the bullfrog.
The bullfrog is moderately wounded.
You hit the bullfrog.
The bullfrog is moderately wounded.
You block the bullfrog's attack. The scorpion stings you.
You die...

...##.# . .....#. #.
..... ..##..#....
... .........## ...
....##...# # ....
...##sF.#.###..
..... ..##.♣........
....###.##..........
........#.$...#.##..
#......##.# ..
##<.....>..# ...
##....##..# ..
#.....##... .
....##.....
.............


You could see a bullfrog and a scorpion.

Vanquished Creatures
  A steam dragon (D:7)
  A water moccasin (D:5)
  2 sky beasts (D:6)
  2 ice beasts
  3 scorpions
  A necrophage (D:5)
  2 jellies (D:5)
  5 hounds
  2 iguanas
  3 orc wizards
  A gnoll (D:3)
  4 adders
  3 white imps
  2 worms (D:2)
  4 dart slugs
  8 orcs
  12 endoplasms
  2 giant cockroaches (D:1)
  6 goblins
  10 hobgoblins
  4 jackals (D:2)
  10 ball pythons
  5 bats
  3 frilled lizards
  7 kobolds
  6 rats
109 creatures vanquished.

Notes
Turn   | Place    | Note
-------+----------+-------------------------------------------
     0 | D:1      | Bruhh the Demigod Transmuter began the quest for the Orb.
     0 | D:1      | Reached XP level 1. HP: 15/15 MP: 5/5
    30 | D:1      | Reached skill level 1 in Fighting
   423 | D:1      | Reached XP level 2. HP: 23/23 MP: 5/7
  1096 | D:1      | Learned a level 2 spell: Wereblood
  1813 | D:2      | Reached XP level 3. HP: 23/28 MP: 6/8
  3627 | D:3      | Reached XP level 4. HP: 16/36 MP: 8/10
  4103 | D:3      | Learned a level 3 spell: Spider Form
  5093 | D:4      | Found Wowkum's Book Emporium.
  5480 | D:4      | Reached XP level 5. HP: 33/41 MP: 11/11
  6268 | D:4      | Noticed an ice beast
  6292 | D:4      | Killed an ice beast
  6404 | D:5      | Entered Level 5 of the Dungeon
  6465 | D:5      | Reached XP level 6. HP: 44/50 MP: 11/13
  6747 | D:5      | Found Zajie's Firing Range.
  7307 | D:5      | Noticed a water moccasin
  7318 | D:5      | Killed a water moccasin
  7319 | D:5      | Reached XP level 7. HP: 49/58 MP: 12/16
  7778 | D:5      | Reached skill level 5 in Unarmed Combat
  9094 | D:6      | Reached XP level 8. HP: 61/67 MP: 15/18
  9229 | D:7      | Reached skill level 5 in Fighting
  9229 | D:7      | Reached skill level 5 in Spellcasting
  9231 | D:7      | HP: 1/68 [bullfrog (7)]
  9236 | D:7      | Slain by a scorpion

Illustrated notes

Levels and vault maps discovered:
D:1:      nzn_arrival_crosshair, layout_loops_corners,
          hellmonk_ecumenical_altar_lost_god, minmay_misc_feat_roman
D:2:      layout_loops_corners, minmay_quadrilaterals
D:3:      layout_basic, minmay_misc_feat_encased, chequers_mini_garden,
          minmay_misc_feat_alley, st_stairs_5
D:4:      layout_basic, serial_shops, nicolae_shop_crystal
D:5:      layout_basic, nicolae_shop_firing_range
D:6:      layout_basic, nicolae_wu_jian_wuxing_cycle,
          kennysheep_decorative_pillar, minivault_24, kennysheep_potato
D:7:      layout_cave_pools, minmay_temple_entry_tees, serial_shops, shop

Skill      XL: |  1  2  3  4  5  6  7  8 |
---------------+-------------------------+-----
Fighting       | 1 2 3 4 5 |  5.2
Transmutations | 2 3 |  3.0
Spellcasting   | 2 3 4 5 |  5.0
Unarmed Combat | 3 4 5 |  5.9
Dodging        | |  1.7

Action                   |  1- 3 |  4- 6 |  7- 9 || total
-------------------------+-------+-------+-------++-------
Melee: Unarmed           |   156 |   166 |    80 ||   402
       Kick              |    34 |    28 |     8 ||    70
       Headbutt          |    17 |    14 |     4 ||    35
       Punch             |     6 |     5 |       ||    11
 Cast: Beastly Appendage |    33 |    32 |     6 ||    71
       Wereblood         |     2 |     1 |       ||     3
       Spider Form       |       |     3 |     9 ||    12
  Use: Scroll            |       |       |     6 ||     6
       Potion            |       |       |     4 ||     4
 Stab: Sleeping          |       |     2 |       ||     2
Armor: Robe              |    44 |    17 |     3 ||    64
       Skin              |       |     2 |     6 ||     8
Dodge: Dodged            |   106 |    88 |    43 ||   237
Block: Other             |       |    29 |    13 ||    42

Table legend: (Time is in decaauts)
 A = Elapsed time spent in this place.
 B = Non-inter-level travel time spent in this place.
 C = Inter-level travel time spent in this place.
 D = Time resting spent in this place.
 E = Time spent auto-exploring this place.
 F = Levels seen in this place.
 G = Mean time per level.
                   A        B        C        D        E       F      G
               +--------+--------+--------+--------+--------+-----+--------+
         Total |   9206 |   8875 |    331 |    395 |   7493 |   7 | 1315.1 |
       Dungeon |   9206 |   8875 |    331 |    395 |   7493 |   7 | 1315.1 |
               +--------+--------+--------+--------+--------+-----+--------+

Top non-repeatable levels by time:
     D:1: 2023 daAuts
     D:3: 1534 daAuts
     D:2: 1506 daAuts
     D:5: 1504 daAuts
     D:4: 1324 daAuts
     D:6: 1292 daAuts
     D:7: 21 daAuts
